 Dungeon Crawl Stone Soup version 0.30.0 (webtiles) character file.

Game seed: 12479089539083343331

309462 SnakkuSnakku7 the Executioner (level 20, -10/193 HPs)
             Began as a Black Draconian Cinder Acolyte on May 6, 2023.
             Was a High Priest of Ignis.
             Mangled by a vault warden
             ... wielding a +3 heavy great sword
              (66 damage)
             ... on level 4 of the Vaults.
             The game lasted 01:08:56 (44876 turns).

SnakkuSnakku7 the Executioner (DrCA)               Turns: 44876, Time: 01:08:56

Health: -10/193    AC: 21    Str: 31      XL:     20   Next: 37%
Magic:  21/21      EV: 21    Int: 16 (17) God:    Ignis [*****.]
Gold:   740        SH: 20    Dex: 11      Spells: 21/21 levels left

rFire   + . .        a - +5 broad axe (freeze)
rCold   + . .        y - +0 tower shield
rNeg    . . .        (body armour unavailable)
rPois   .            D - +2 hat {Will+}
rElec   +            g - +3 cloak "Vihu" {-Cast rC+ Str+6}
rCorr   .            z - +1 pair of gloves
SInv    .            e - +2 pair of boots
Will    ++...        N - amulet of regeneration
Stlth   +            I - +5 ring of evasion
HPRegen 1.32/turn    E - +6 ring of strength
MPRegen 0.17/turn

%: no spellcasting
@: flying
A: breathe lightning, AC +10, unfitting armour, big wings, electricity
resistance, cold-blooded
}: 2/15 runes: serpentine, barnacled
a: Breathe Lightning, Renounce Religion, Fiery Armour, Foxfire Swarm, Rising
Flame


You were on level 4 of the Vaults.
You worshipped Ignis.
Ignis was extremely pleased with you.
You visited 6 branches of the dungeon, and saw 34 of its levels.
You visited 1 bazaar.
You also visited: Sewer, Ice Cave and Wizlab.

You collected 4072 gold pieces.
You spent 3332 gold pieces at shops.

Inventory:

Hand Weapons
 a - a +5 broad axe of freezing (weapon)
Missiles
 r - 7 throwing nets
 L - 7 curare-tipped darts (quivered)
Armour
 e - a +2 pair of boots (worn)
 g - the +3 cloak "Vihu" (worn) {-Cast rC+ Str+6}
   (You found it on level 2 of the Dungeon)

   Str:       It affects your strength (+6).
   rC:        It protects you from cold.
   -Cast:     It prevents spellcasting.
 y - a +0 tower shield (worn)
 z - a +1 pair of gloves (worn)
 D - a +2 hat of willpower (worn)
Jewellery
 b - the necklace of Bloodlust {Fury *Rage Will++ Int-3 Slay+6}
   (You found it on level 1 of the Orcish Mines)

   [amulet of nothing]

   Fury:      It extends the wearer's berserk rage when killing foes.
   Int:       It affects your intelligence (-3).
   Slay:      It affects your accuracy & damage with ranged weapons and melee
   (+6).
   *Rage:     It berserks you when you make melee attacks (+50% chance).
   Will:      It greatly increases your willpower.
 t - a ring of resist corrosion
 E - a +6 ring of strength (right hand)
 I - a +5 ring of evasion (left hand)
 N - an amulet of regeneration (around neck)
Wands
 x - a wand of digging (11)
 B - a wand of mindburst (26)
 C - a wand of polymorph (11)
 G - a wand of flame (25)
 M - a wand of acid (31)
 O - a wand of paralysis (24)
 Q - a wand of iceblast (14)
Scrolls
 f - a scroll of butterflies
 s - 4 scrolls of fog
 v - 19 scrolls of teleportation
 A - 11 scrolls of magic mapping
 F - 5 scrolls of poison
 H - 3 scrolls of fear
 K - 4 scrolls of blinking
 P - 5 scrolls of vulnerability
 R - 4 scrolls of silence
Potions
 c - a potion of resistance
 h - 5 potions of ambrosia
 i - 3 potions of invisibility
 k - 16 potions of curing
 l - 5 potions of magic
 m - 3 potions of might
 n - 5 potions of attraction
 o - 3 potions of heal wounds
 p - 6 potions of brilliance
 q - 2 potions of mutation
 u - 2 potions of berserk rage
 w - 4 potions of cancellation
 J - 4 potions of haste
Miscellaneous
 d - a condenser vane
 j - a lightning rod (3/4)
 U - a phial of floods


   Skills:
 - Level 20.0 Fighting
 - Level 4.7 Long Blades
 - Level 22.6 Axes
 + Level 14.2 Dodging
 - Level 20.0 Shields
 - Level 1.0 Spellcasting
 - Level 3.0 Fire Magic
 - Level 10.0 Evocations


You had 21 spell levels left.
You didn't know any spells.
Your spell library contained the following spells:

 Spells                   Type           Power      Damage    Failure   Level
 Scorch                   Fire           20%        2d5       16%         2
 Foxfire                  Conj/Fire      20%        2x1d5     19%         1
 Freeze                   Ice            0%         1d3       34%         1
 Kiss of Death            Conj/Necr      0%         2d5       34%         1
 Magic Dart               Conj           0%         1d3       34%         1
 Call Imp                 Summ           0%         N/A       45%         2
 Poisonous Vapours        Pois/Air       0%         N/A       45%         2
 Volatile Blastmotes      Fire/Tloc      10%        2d10      50%         3
 Confusing Touch          Hex            0%         N/A       71%         3
 Dazzling Flash           Conj/Hex       0%         N/A       71%         3
 Frozen Ramparts          Ice            0%         1d1       71%         3
 Hailstorm                Conj/Ice       0%         3d3       71%         3
 Mephitic Cloud           Conj/Pois/Air  0%         N/A       71%         3
 Tukima's Dance           Hex            0%         N/A       71%         3
 Flame Wave               Conj/Fire      5%         2d5       88%         4
 Anguish                  Hex/Necr       0%         N/A       98%         4
 Cause Fear               Hex            0%         N/A       98%         4
 Dispel Undead            Necr           0%         3d6       98%         4
 Fulminant Prism          Conj/Hex       0%         3d5       98%         4
 Ice Form                 Ice/Tmut       0%         N/A       98%         4
 Iskenderun's Mystic Bla  Conj/Tloc      0%         2d3       98%         4
 Manifold Assault         Tloc           0%         N/A       98%         4
 Olgreb's Toxic Radiance  Pois           0%         N/A       98%         4
 Passage of Golubria      Tloc           0%         N/A       98%         4
 Summon Ice Beast         Ice/Summ       0%         N/A       98%         4
 Fireball                 Conj/Fire      2%         3d4       99%         5
 Agony                    Necr           0%         N/A       100%        5
 Freezing Cloud           Conj/Ice/Air   0%         6-21      100%        5
 Iskenderun's Battlesphe  Conj           0%         2d6       100%        5
 Lee's Rapid Deconstruct  Erth           0%         3d4*      100%        5
 Silence                  Hex/Air        0%         N/A       100%        5
 Yara's Violent Unravell  Hex/Tmut       0%         3d3       100%        5
 Conjure Ball Lightning   Conj/Air       0%         3x3d6     100%        6
 Dispersal                Tloc           0%         N/A       100%        6
 Iron Shot                Conj/Erth      0%         9d1       100%        6
 Plasma Beam              Fire/Air       2%         2x1d14    100%        6
 Simulacrum               Ice/Necr       0%         N/A       100%        6
 Starburst                Conj/Fire      2%         6d3       100%        6
 Summon Cactus Giant      Summ           0%         N/A       100%        6
 Enfeeble                 Hex            0%         N/A       100%        7
 Malign Gateway           Summ/Tloc      0%         N/A       100%        7
 Orb of Destruction       Conj           0%         9d5       100%        7
 Spellforged Servitor     Conj/Summ      0%         N/A       100%        7
 Discord                  Hex            0%         N/A       100%        8
 Disjunction              Tloc           0%         N/A       100%        8
 Ignition                 Fire           5%         3d4       100%        8
 Summon Horrible Things   Summ           0%         N/A       100%        8
 Chain Lightning          Conj/Air       0%         N/A       100%        9
 Fire Storm               Conj/Fire      2%         8d1       100%        9
 Shatter                  Erth           0%         3d5*      100%        9


Dungeon Overview and Level Annotations

Branches:
Dungeon (15/15)            Temple (0/1) D:6            Lair (5/5) D:11
 Shoals (4/4) Lair:2        Snake (4/4) Lair:2        Slime (0/5) Lair:4
    Orc (2/2) D:9             Elf (0/3) Orc:2        Vaults (4/5) D:14
  Crypt (0/3) Vaults:2     Depths (0/4) D:15          Sewer (visited)
  IceCv (visited)          WizLab (visited)

Altars:
Cheibriados
Dithmenos
Fedhas
Gozag
Hepliaklqana
Kikubaaqudgha
Makhleb
Okawaru
Sif Muna
Trog
Uskayaw
Vehumet
Zin
Jiyva
Lugonu

Shops:
D:5 :   D:10 :   D:12 *   Orc:2 ?(?=   Shoals:1 (   Shoals:2 !   Shoals:3 *
Snake:4 =::   Vaults:1 ?

Portals:
Abyss: Lair:5

Annotations:
Snake:1 Mara
Vaults:3 3 runed translucent doors, Arex's ghost, adept MiBe


Innate Abilities, Weirdness & Mutations

You can breathe wild blasts of lightning.
Your glossy black scales are hard. (AC +10)
You cannot fit into any form of body armour.
Your large and strong wings let you fly.
You are resistant to electric shocks. (rElec)
You are cold-blooded and may be slowed by cold attacks.


Message History

The wizard wildly gestures.
The wizard shimmers violently.
The ironbound convoker points at something and mumbles some strange words.
Unknown command.
You closely miss the vault warden.
The vault warden is severely wounded.
You completely miss the wizard.
The ironbound convoker begins to recite a word of recall!
The wizard gestures wildly while chanting.
The wizard flickers and vanishes!
Deactivating autopickup; reactivate with Ctrl-A.
You block the vault warden's attack.
You closely miss something. You barely miss the wizard.
You closely miss the vault warden. The wizard misses you.
Something hits you but does no damage.
Unknown command.
Unknown command.
You slice the wizard!! You freeze the wizard!
You kill the wizard!
You slash something! You freeze something. You slash the vault warden!
You freeze the vault warden.
The runic seal fades away.
The ice encasing you melts away.
The ironbound convoker casts a spell at the vault warden.
The vault warden seems to grow stronger.
The vault warden activates a sealing rune.
You closely miss the vault warden. You tail-slap the vault warden.
The vault warden is almost dead.
You barely miss something. Something hits you but does no damage.
Unknown command.
Unknown command.
You barely miss the vault warden.
You tail-slap the vault warden, but do no damage.
The vault warden is almost dead.
You slash the ironbound convoker! You freeze the ironbound convoker.
You slice something!! You freeze something.
Reactivating autopickup.
You feel a bit more experienced.
The glowing orange brain is recalled.
The dread lich is recalled.
The wizard is recalled.
The vault warden hits you with a +3 heavy great sword!!!
You die...

***,,,,,,,#......##≈~~.#.....
*,*,,,,,,,+.....##≈≈~..+.....
*,*,,**,,,#....##≈~~..~#.....
*,***,*,,,#...##≈~~..~~#.....
*,,,,,,,,,#..##≈≈~..≈≈≈#.....
***+******#..#≈~~..~≈≈##.....
*,,,,* #..##...~~≈##......
**,,,,* #..##.∩.~≈##.......
*,,,,,** #)@##...≈##........
**,,,,,,* #pp#######..^......
*,,>,,,,* #..#######......... **
**,,,,,,,**#.L......p......... ,*
*,,,,,,,,,*#..p..)............
,***,,,,,,<,,*#..................
,**,,,,,,,,,,*#..................
,**,,,,,,,,,,,+p...G.............
,*,,,,,,,,,,,,#..................


You could see a dread lich, a vault warden (strong), a glowing orange brain, 2
ironbound convokers and a wizard.

Vanquished Creatures
  An ancient lich (WizLab)
  Bai Suzhen (Vaults:4)
  Nikola (Shoals:3)
  A lich (Vaults:2)
  A sphinx (Vaults:3)
  Agnes (Snake:3)
  An ancient champion (WizLab)
  Frances (Snake:2)
  A tengu reaver (Vaults:1)
  Ilsuiw (Shoals:3)
  7 nagarajas (Snake:4)
  A frost giant (IceCv)
  7 vault wardens
  The ghost of arthad the Cleaver, an adept VSFi of Makhleb (Shoals:3)
  3 deep elf sorcerers (Orc:1)
  Aizul (Snake:2)
  2 deep elf elementalists (Orc:1)
  Louise (D:15)
  3 orc warlords (Vaults:3)
  The ghost of Dirphi Vium the Fighter, a journeyman MiBe of Trog (D:13)
  8 ironbound preservers
  9 very ugly things
  5 stone giants
  3 ironbound thunderhulks
  2 deep elf demonologists (Orc:1)
  5 dire elephants
  The ghost of Deed the Peltast, a journeyman MiFi of Wu Jian (Lair:3)
  5 merfolk javelineers
  A crystal guardian (Vaults:3)
  The ghost of Deesahac the Severer, a journeyman BaFi of Cheibriados (Lair:3)
  An ettin (Orc:1)
  2 deep elf death magi (Vaults:2)
  3 yaktaur captains
  Josephine (D:14)
  A fire dragon (D:15)
  4 merfolk impalers
  5 great orbs of eyes
  An entropy weaver (Vaults:3)
  A peacekeeper (Vaults:3)
  A salamander tyrant (Snake:3)
  6 hydras
  An ice dragon (D:15)
  A quicksilver dragon skeleton (Vaults:3)
  A catoblepas (Lair:2)
  3 death knights
  6 ironbound frosthearts
  4 ogre magi
  2 boulder beetles
  Erica (D:8)
  4 merfolk avatars
  10 two-headed ogres
  9 anacondas
  17 death yaks
  An alligator (Shoals:4)
  10 centaur warriors
  4 merfolk aquamancers
  3 tengu warriors
  6 alligator snapping turtles
  2 satyrs (Shoals:4)
  The ghost of benadryl the Destroyer, a novice DrCj of Vehumet (D:10)
  14 naga warriors
  10 naga sharpshooters
  9 shock serpents
  3 thrashing horrors (Lair:5)
  A soul eater (Vaults:2)
  Nergalle (Orc:2)
  Sonja (Lair:1)
  A fire crab (Lair:5)
  Amaemon (D:8)
  2 salamander mystics
  5 skysharks
  2 goliath frogs (Shoals:4)
  12 sea snakes
  8 skeletal warriors (WizLab)
  A goliath frog (shapeshifter) (D:13)
  A glowing orange brain (Vaults:4)
  A tengu zombie (Vaults:3)
  12 naga ritualists
  13 deep trolls
  7 wizards
  3 necromancers
  10 ironbound convokers
  8 orc knights
  10 harpies
  19 mana vipers
  A harpy (shapeshifter) (D:15)
  7 orc sorcerers
  20 ugly things
  5 deep elf pyromancers
  8 lindwurms
  3 oklob plants (Lair:2)
  6 cyclopes
  18 fauns
  A manticore (shapeshifter) (Lair:5)
  10 manticores
  3 moths of wrath
  6 elephants (Lair:3)
  12 salamanders
  10 merfolk sirens
  7 guardian serpents
  58 black mambas
  17 vault sentinels
  4 water nymphs
  An ice statue (IceCv)
  9 cane toads
  A gargoyle (D:10)
  An orange demon (D:8)
  An elf skeleton (Vaults:3)
  An unseen horror (D:12)
  9 rime drakes
  17 naga magi
  11 komodo dragons
  A komodo dragon (shapeshifter) (Lair:5)
  13 yaktaurs
  An efreet (D:14)
  4 freezing wraiths
  3 ancient zymes (Lair:5)
  3 tengu conjurers
  A silent spectre (Orc:1)
  A queen bee (shapeshifter) (D:14)
  22 merfolk
  Prince Ribbit (D:8)
  A large abomination (Lair:5)
  6 wind drakes
  2 hornets (D:9)
  8 polar bears
  13 trolls
  29 blink frogs
  An ettin zombie (Vaults:4)
  A human simulacrum (Vaults:3)
  11 dream sheep
  11 snapping turtles
  20 slime creatures
  A stone giant simulacrum (Vaults:3)
  2 shadows
  A slime creature (shapeshifter) (Vaults:1)
  9 wraiths
  2 ynoxinuls (Lair:5)
  A spriggan (Lair:5)
  3 wyverns
  80 yaks
  4 water elementals
  5 vampires
  Eustachio (D:5)
  10 basilisks
  2 chaos spawn (Lair:5)
  A steam dragon (D:6)
  6 vampire mosquitoes
  7 acid dragons
  5 two-headed ogre zombies (WizLab)
  3 wargs (Orc:2)
  51 nagas
  16 water moccasins
  An ogre skeleton (Vaults:4)
  A glowing shapeshifter skeleton (Vaults:4)
  14 orc warriors
  3 sky beasts (D:7)
  8 ogres
  A black bear (D:6)
  An ice beast (D:5)
  19 wolves
  2 centaurs
  3 boggarts (D:14)
  5 phantoms
  4 kobold brigands
  12 bullfrogs
  3 scorpions
  15 wights
  2 killer bees
  9 troll zombies (WizLab)
  2 electric eels (Lair:2)
  9 howler monkeys
  4 hounds
  15 orc priests
  3 jellies
  Jessica (D:2)
  Terence (D:3)
  Ijyb (D:5)
  An iguana (D:6)
  38 orc wizards
  A sickly merfolk siren (Sewer)
  A malarious merfolk avatar (Sewer)
  4 ogre zombies (WizLab)
  11 small abominations (Lair:5)
  10 adders
  8 gnolls
  2 river rats
  2 shadow imps
  2 white imps
  2 ufetubi
  2 worms
  69 orcs
  12 ball pythons
  9 endoplasms
  5 giant cockroaches
  6 hobgoblins
  14 jackals
  9 quokkas
  10 bats
  7 frilled lizards
  7 goblins
  27 kobolds
  29 rats
1381 creatures vanquished.

Vanquished Creatures (others)
  A yaktaur (D:15)
  A blink frog (Lair:5)
  A naga (Snake:1)
  19 foxfires (D:3)
  40 fungi
  94 plants
  6 withered plants (Lair:3)
162 creatures vanquished.

Grand Total: 1543 creatures vanquished

Notes
Turn   | Place    | Note
-------+----------+-------------------------------------------
     0 | D:1      | SnakkuSnakku7 the Draconian Cinder Acolyte began the quest
                  | for the Orb.
     0 | D:1      | Reached XP level 1. HP: 19/19 MP: 2/2
   280 | D:1      | Reached XP level 2. HP: 20/26 MP: 3/3
   986 | D:2      | Found a faded altar of an unknown god.
  1003 | D:2      | Reached XP level 3. HP: 30/33 MP: 4/4
  1021 | D:2      | Identified the +3 cloak "Vihu" {-Cast rC+ Str+6}
  1028 | D:2      | Noticed Jessica
  1042 | D:2      | Killed Jessica
  1264 | D:2      | Reached XP level 4. HP: 41/41 MP: 5/5
  1937 | D:3      | Noticed Terence
  1944 | D:3      | Killed Terence
  1945 | D:3      | Reached skill level 5 in Fighting
  1945 | D:3      | Reached XP level 5. HP: 48/48 MP: 6/6
  2179 | D:3      | Reached skill level 1 in Axes
  2606 | D:4      | Found a snail-covered altar of Cheibriados.
  2621 | D:4      | Reached skill level 2 in Axes
  2687 | D:4      | Found a glowing drain.
  2692 | Sewer    | Entered a sewer
  2777 | Sewer    | Reached skill level 3 in Axes
  2777 | Sewer    | Reached XP level 6. HP: 56/56 MP: 7/7
  3049 | D:4      | Reached skill level 4 in Axes
  3061 | D:4      | Found a radiant altar of Vehumet.
  3214 | D:4      | Reached skill level 5 in Axes
  3214 | D:4      | Your scales start taking on a glossy black colour.
  3214 | D:4      | Reached XP level 7. HP: 50/61 MP: 8/8
  3214 | D:4      | Gained mutation: You are resistant to electric shocks.
                  | (rElec) [Black Draconian growth]
  3595 | D:5      | Entered Level 5 of the Dungeon
  3605 | D:5      | Reached skill level 6 in Axes
  3634 | D:5      | Found Riruar's Book Shop.
  3689 | D:5      | Reached skill level 7 in Axes
  3894 | D:5      | Noticed Ijyb
  3897 | D:5      | Killed Ijyb
  3902 | D:5      | Found an opulent altar of Gozag.
  3941 | D:5      | Reached XP level 8. HP: 68/68 MP: 9/9
  3965 | D:5      | Identified the +1 cloak of Zin's Outrage {*Slow MP+9 Str+4
                  | Stlth+}
  3991 | D:5      | Found a blossoming altar of Fedhas.
  4102 | D:5      | Reached skill level 8 in Axes
  4480 | D:6      | Reached skill level 9 in Axes
  4533 | D:6      | Found a staircase to the Ecumenical Temple.
  4854 | D:6      | Found an iron altar of Okawaru.
  4941 | D:6      | Reached skill level 10 in Axes
  4970 | D:6      | Found a shadowy altar of Dithmenos.
  5418 | D:7      | Found a shimmering blue altar of Sif Muna.
  5467 | D:7      | Reached XP level 9. HP: 73/74 MP: 10/10
  5484 | D:7      | Reached skill level 11 in Axes
  5543 | D:7      | Reached skill level 1 in Shields
  5810 | D:7      | Noticed a manticore
  5822 | D:7      | Killed a manticore
  5973 | D:7      | Noticed a boulder beetle
  5992 | D:7      | Killed a boulder beetle
  5993 | D:7      | Reached skill level 12 in Axes
  5993 | D:7      | Reached skill level 5 in Shields
  6221 | D:8      | Noticed Prince Ribbit
  6234 | D:8      | Killed Prince Ribbit
  6235 | D:8      | Reached XP level 10. HP: 73/81 MP: 11/11
  6262 | D:8      | Noticed Erica
  6462 | D:8      | Killed Erica
  6463 | D:8      | Reached skill level 13 in Axes
  6904 | D:8      | Noticed an orange demon
  6992 | D:8      | Killed an orange demon
  7199 | D:8      | Noticed Amaemon
  7234 | D:8      | Killed Amaemon
  7235 | D:8      | Reached skill level 14 in Axes
  7690 | D:9      | Noticed a two-headed ogre
  7705 | D:9      | Killed a two-headed ogre
  7707 | D:9      | Noticed a two-headed ogre
  7713 | D:9      | Killed a two-headed ogre
  7714 | D:9      | Reached XP level 11. HP: 65/95 MP: 12/12
  7908 | D:9      | Found a staircase to the Orcish Mines.
  8968 | D:10     | Entered Level 10 of the Dungeon
  8976 | D:10     | Found a burning altar of Makhleb.
  8977 | D:10     | Found a glowing silver altar of Zin.
  8977 | D:10     | Noticed an angel
  8978 | D:10     | Noticed a green death
  9022 | D:10     | Found Unyga's Book Shop.
  9080 | D:10     | Reached skill level 10 in Fighting
  9080 | D:10     | Reached skill level 1 in Dodging
  9248 | D:10     | Found a runed translucent gate.
  9249 | D:10     | Found a runed translucent gate.
  9269 | D:10     | Found a runed translucent gate.
  9418 | D:10     | Noticed benadryl's ghost (novice DrCj)
  9944 | D:11     | Reached skill level 5 in Dodging
 10851 | D:11     | Found a staircase to the Lair.
 10948 | Lair:1   | Entered Level 1 of the Lair of Beasts
 11024 | Lair:1   | Reached XP level 12. HP: 106/106 MP: 13/13
 11164 | Lair:1   | Noticed Sonja
 11176 | Lair:1   | Killed Sonja
 11524 | Lair:1   | Reached skill level 10 in Dodging
 11782 | Lair:1   | Reached skill level 1 in Evocations
 12408 | Lair:2   | Reached skill level 5 in Evocations
 12794 | Lair:2   | Found a staircase to the Snake Pit.
 12832 | Lair:2   | Noticed a catoblepas
 12846 | Lair:2   | Killed a catoblepas
 13134 | Lair:2   | Noticed a death yak
 13135 | Lair:2   | Noticed a death yak
 13140 | Lair:2   | Noticed a death yak
 13140 | Lair:2   | Noticed a death yak
 13140 | Lair:2   | Noticed a death yak
 13165 | Lair:2   | Noticed a death yak
 13174 | Lair:2   | Killed a death yak
 13441 | Lair:2   | Reached XP level 13. HP: 111/113 MP: 14/14
 13643 | Lair:2   | Found a staircase to the Shoals.
 14423 | Lair:3   | Reached skill level 10 in Evocations
 14746 | Lair:3   | Found a runed translucent gate.
 14746 | Lair:3   | Found a runed translucent gate.
 14746 | Lair:3   | Found a runed translucent gate.
 14747 | Lair:3   | Noticed Deesahac's ghost (journeyman BaFi)
 14747 | Lair:3   | Noticed Deed's ghost (journeyman MiFi)
 14818 | Lair:3   | Identified the staff of earth "Ryihid" {Str+4 Dex+3}
 15504 | Lair:4   | Found a radiant altar of Vehumet.
 15519 | Lair:4   | Reached skill level 15 in Axes
 15621 | Lair:4   | Found a staircase to the Slime Pits.
 15622 | Lair:4   | Found a viscous altar of Jiyva.
 16205 | Lair:4   | Identified a scroll of acquirement
 16205 | Lair:4   | Acquired a +2 executioner's axe of venom
 16354 | Lair:5   | Entered Level 5 of the Lair of Beasts
 16568 | Lair:5   | Reached skill level 16 in Axes
 17387 | Lair:5   | Gained mutation: Your large and strong wings let you fly.
                  | [Black Draconian growth]
 17387 | Lair:5   | Reached XP level 14. HP: 106/121 MP: 15/15
 17410 | Lair:5   | Reached skill level 17 in Axes
 18219 | Lair:5   | Reached skill level 18 in Axes
 18678 | Lair:5   | Found a corrupted altar of Lugonu.
 18678 | Lair:5   | Found a one-way gate to the infinite horrors of the Abyss.
 18964 | Lair:3   | Killed Deed's ghost
 18967 | Lair:3   | Killed Deesahac's ghost
 19095 | Lair:2   | Reached skill level 19 in Axes
 19259 | D:10     | Killed benadryl's ghost
 19320 | Orc:1    | Entered Level 1 of the Orcish Mines
 19475 | Orc:2    | Entered Level 2 of the Orcish Mines
 19475 | Orc:2    | Found a staircase to the Elven Halls.
 19516 | Orc:2    | Found a frozen archway.
 19534 | IceCv    | Entered an ice cave
 19748 | IceCv    | Noticed a frost giant
 19776 | IceCv    | Killed a frost giant
 19862 | IceCv    | Reached XP level 15. HP: 69/126 MP: 16/16
 20066 | IceCv    | Reached skill level 20 in Axes
 20711 | Orc:2    | Found Qopih's Antique Weapon Emporium.
 20863 | Orc:2    | Found Umi No Waqeh's Magic Scroll Shoppe.
 20873 | Orc:2    | Bought a scroll of teleportation for 39 gold pieces
 20873 | Orc:2    | Bought a scroll of magic mapping for 97 gold pieces
 20873 | Orc:2    | Bought a scroll of teleportation for 39 gold pieces
 20891 | Orc:2    | Found an ancient bone altar of Kikubaaqudgha.
 20899 | Orc:2    | Noticed Nergalle
 20908 | Orc:2    | Killed Nergalle
 20909 | Orc:2    | Found Uhaleh's Magic Scroll Emporium.
 20945 | Orc:2    | Found Tipn's Jewellery Shoppe.
 20997 | Orc:2    | Bought a scroll of teleportation for 33 gold pieces
 20997 | Orc:2    | Bought a scroll of teleportation for 33 gold pieces
 20997 | Orc:2    | Bought a scroll of butterflies for 44 gold pieces
 21033 | Orc:2    | Bought a faintly glowing broad axe for 270 gold pieces
 21033 | Orc:2    | Identified the +1 broad axe of Xahi {flame, Fragile rCorr
                  | Dex+7} (You bought it in a shop on level 2 of the Orcish
                  | Mines)
 21048 | Orc:2    | Found a radiant altar of Vehumet.
 21180 | Orc:1    | Found a transporter.
 21212 | Orc:1    | Found a burning altar of Makhleb.
 21417 | Orc:1    | Found a transporter.
 21417 | Orc:1    | Found a runed translucent door.
 21417 | Orc:1    | Found a bloodstained altar of Trog.
 21417 | Orc:1    | Found the necklace of Bloodlust {Fury *Rage Will++ Int-3
                  | Slay+6}
 21417 | Orc:1    | Found the +4 robe of Folly {Brill Will-∞ Int+8}
 21419 | Orc:1    | Noticed a deep elf sorcerer
 21467 | Orc:1    | Noticed a deep elf sorcerer
 21658 | Orc:1    | Identified the +2 plate armour of the Lost Path {rC- rN+++
                  | Str+3 Slay+5}
 21659 | Orc:1    | Noticed a deep elf sorcerer
 21895 | Orc:1    | Killed a deep elf sorcerer
 21896 | Orc:1    | Reached skill level 21 in Axes
 21898 | Orc:1    | Killed a deep elf sorcerer
 21899 | Orc:1    | Noticed a Brimstone Fiend
 21920 | Orc:1    | Killed a deep elf sorcerer
 22128 | Orc:1    | Identified the +3 demon trident of Joath {elec, *Rage rN+++
                  | Int-2 Stlth+}
 22532 | D:12     | Found Soxkuc's Fire Supplies.
 23067 | D:13     | Found a transporter.
 23080 | D:13     | You are sucked into a shaft and drop 1 floor!
 23460 | D:14     | Reached skill level 22 in Axes
 23652 | D:13     | Found a transporter.
 23663 | D:13     | Noticed Dirphi Vium's ghost (journeyman MiBe)
 23667 | D:13     | Found a bloodstained altar of Trog.
 24008 | D:14     | Noticed Josephine
 24020 | D:14     | Killed Josephine
 24245 | D:14     | Reached XP level 16. HP: 113/134 MP: 17/17
 24443 | D:14     | Found a hazy altar of Hepliaklqana.
 24523 | D:14     | Found a gate to the Vaults.
 24801 | D:15     | Entered Level 15 of the Dungeon
 25299 | D:15     | Found a hide-covered altar of Uskayaw.
 25472 | D:15     | Found a staircase to the Depths.
 25564 | D:15     | Noticed Louise
 25568 | D:15     | Killed Louise
 25885 | D:13     | Killed Dirphi Vium's ghost
 26190 | D:13     | Reached skill level 15 in Fighting
 26401 | D:5      | Bought a manual of Shields for 1120 gold pieces
 26404 | D:5      | Noticed Eustachio
 26415 | D:5      | Killed Eustachio
 26606 | Snake:1  | Entered Level 1 of the Snake Pit
 26606 | Snake:1  | Found a flickering gateway to a bazaar.
 26935 | Snake:1  | Found a blossoming altar of Fedhas.
 27004 | Bazaar   | Entered a bazaar
 27004 | Bazaar   | Found Ocuasal's Antique Weapon Shop.
 27004 | Bazaar   | Found Arich's Antique Armour Shop.
 27251 | Bazaar   | Found Huvucead's General Store.
 27301 | Bazaar   | Bought a lightning rod (4/4) for 300 gold pieces
 27301 | Bazaar   | Bought a wand of iceblast (3) for 72 gold pieces
 28071 | Snake:2  | Noticed Frances
 28077 | Snake:2  | Killed Frances
 28413 | Snake:2  | Noticed Aizul
 28444 | Snake:2  | HP: 6/155 [poisoned by Aizul (poison arrow)]
 28761 | Snake:2  | Found a hazy altar of Hepliaklqana.
 29063 | Snake:2  | Reached XP level 17. HP: 80/161 MP: 18/18
 29064 | Snake:2  | Reached skill level 10 in Shields
 29696 | Snake:2  | Killed Aizul
 30405 | Snake:3  | Noticed Mara
 30722 | Snake:3  | Noticed SnakkuSnakku7's illusion
 31043 | Snake:2  | Noticed SnakkuSnakku7's illusion
 31060 | Snake:1  | Noticed SnakkuSnakku7's illusion
 33481 | Snake:3  | Noticed Agnes
 33536 | Snake:3  | Reached skill level 15 in Shields
 34041 | Snake:3  | Killed Agnes
 34387 | Snake:4  | Entered Level 4 of the Snake Pit
 35509 | Snake:4  | Found Zoqykeur's Jewellery Emporium.
 35509 | Snake:4  | Found Kiby's Book Boutique.
 35511 | Snake:4  | Found Ockal's Book Boutique.
 35519 | Snake:4  | Bought an amulet of regeneration for 630 gold pieces
 35750 | Snake:4  | Reached XP level 18. HP: 114/169 MP: 19/19
 36120 | Snake:4  | Got a serpentine rune of Zot
 36548 | Shoals:1 | Entered Level 1 of the Shoals
 36717 | Shoals:1 | Found Jutitileni's Weapon Shoppe.
 37172 | Shoals:2 | Found Nothrar's Distillery.
 37460 | Shoals:3 | Noticed Ilsuiw
 37497 | Shoals:3 | Killed Ilsuiw
 37504 | Shoals:3 | Found Pougig's General Store.
 37570 | Shoals:3 | Bought a scroll of fear for 44 gold pieces
 37691 | Shoals:3 | Found a runed translucent gate.
 37691 | Shoals:3 | Found a runed translucent gate.
 37691 | Shoals:3 | Found a runed translucent gate.
 37788 | Shoals:3 | Noticed Nikola
 37808 | Shoals:3 | Killed Nikola
 37924 | Shoals:3 | Noticed arthad's ghost (adept VSFi)
 37951 | Shoals:3 | Killed arthad's ghost
 38004 | Shoals:4 | Entered Level 4 of the Shoals
 38054 | Shoals:4 | Identified the amulet of Ymaoc {Spirit Rampage rF- rN+
                  | Will+}
 38344 | Shoals:4 | Got a barnacled rune of Zot
 39347 | Shoals:4 | Reached XP level 19. HP: 177/177 MP: 20/20
 39767 | Vaults:1 | Entered Level 1 of the Vaults
 40798 | Vaults:1 | Found Vaur's Magic Scroll Boutique.
 40810 | Vaults:1 | Bought a scroll of enchant weapon for 127 gold pieces
 40810 | Vaults:1 | Bought 3 scrolls of silence for 484 gold pieces
 41190 | Vaults:2 | Found a staircase to the Crypt.
 41865 | Vaults:2 | Identified the +1 hat of Moral Flaws {rC+ Str+2}
 41878 | Vaults:2 | Found a radiant altar of Vehumet.
 43319 | Vaults:3 | Paralysed by a sphinx for 5 turns
 43689 | Vaults:3 | Reached XP level 20. HP: 84/193 MP: 21/21
 43793 | Vaults:3 | Found a runed translucent gate.
 43793 | Vaults:3 | Found a runed translucent gate.
 43795 | Vaults:3 | Found a runed translucent gate.
 43796 | Vaults:3 | Noticed Arex's ghost (adept MiBe)
 44164 | Vaults:3 | Found an iron altar of Okawaru.
 44243 | Vaults:4 | Paralysed by a great orb of eyes for 4 turns
 44335 | Vaults:4 | Found a magical portal.
 44344 | WizLab   | Entered Zonguldrok's Shrine
 44666 | WizLab   | Noticed an antique lich
 44686 | WizLab   | Killed an antique lich
 44736 | WizLab   | Found the +9 sword of Zonguldrok {reap}
 44814 | Vaults:4 | Noticed Bai Suzhen
 44835 | Vaults:4 | Killed Bai Suzhen
 44876 | Vaults:4 | Mangled by a vault warden

Illustrated notes

Levels and vault maps discovered:
D:1:      dpeg_arrival_water_fire, layout_basic
D:2:      minmay_chambers_of_ones, layout_basic,
          shapermc_ecumenical_altar_mp_highgroup, uniq_jessica
D:3:      layout_loops_ring, kennysheep_generic_room_3, uniq_terence
D:4:      layout_basic, mainiacjoe_overflow_alcove_1, lemuel_tele_altar,
          portal_sewer_entry_e
D:5:      layout_basic, nicolae_overflow_squiral, serial_shops, shop,
          minmay_fractal_squares_5, uniq_eustachio, uniq_ijyb
D:6:      layout_loops_corners, nicolae_overflow_crystal_walls,
          okawaru_metal_pillars_3, minmay_temple_entry_statues_pillars,
          minmay_misc_feat_doors
D:7:      minmay_cornered_nines, layout_rooms, tgw_sif
D:8:      layout_rooms, uniq_erica, uniq_amaemon, uniq_prince_ribbit1
D:9:      layout_layer_cave, hiddenorc1_lemuel, kennysheep_path_1,
          minmay_statues_item, st_stairs_2
D:10:     layout_cross, grunt_temple_overflow_order_and_chaos_2, serial_shops,
          shop, ebering_ghost_rock_garden, grunt_ministairs_5,
          kennysheep_generic_room_15
D:11:     layout_rooms, erik_lair_dragon
D:12:     layout_stronghold, chequers_serial_rivers_micro_d,
          nicolae_shop_fire_sale [nicolae_sub_dead_trees]
D:13:     layout_basic, gammafunk_ghost_wrathful_warriors
D:14:     layout_loops_ring, skrybe_vaults_entry_preservation,
          worldfamousw_hep_ancestral_shrine, uniq_josephine
D:15:     grunt_enter_depths_hoard, layout_loops_ring,
          nicolae_uskayaw_dance_hall, reono_crystal_passage, drop_trap,
          uniq_louise
Lair:1:   layout_cave_pods, minivault_25, beast_lair_carwin_11, uniq_sonja
Lair:2:   minmay_lair_oklob_tunnel, layout_chaotic_city,
          elwin_shoals_entry_rooms, minmay_snake_entry_guardpost_medium,
          infiniplex_staircase_pool
Lair:3:   layout_cave_pods, gammafunk_ghost_cemetery, grunt_megastairs_4
Lair:4:   layout_cave_pods, nicolae_slime_entry_slimehenge, basic_altar,
          minmay_hedge_maze
Lair:5:   hellmonk_lair_end_abyssal_woods, layout_regular_city, st_stairs_12,
          grunt_megastairs_1
Shoals:1: layout_shoals, serial_shops, nicolae_shop_bloodbath_and_beyond
Shoals:2: layout_shoals, serial_shops, shop
Shoals:3: layout_shoals, ebering_ghost_rock_garden, serial_shops,
          nicolae_shop_competitors_out_of_business, uniq_nikola, uniq_ilsuiw
Shoals:4: shoals_end_simple, layout_shoals, nicolae_shoals_goliath_grotto
Snake:1:  layout_cave_shapes, basic_altar, serial_shops, bzr_entry_water
Snake:2:  layout_concentric_octagons, basic_altar,
          nicolae_snake_salamander_jacuzzi, grunt_megastairs_2,
          lemuel_fruit_tree, uniq_frances, uniq_aizul
Snake:3:  layout_misc_corridors, hangedman_snake_pattern, grunt_megastairs_3,
          uniq_mara, uniq_agnes
Snake:4:  grunt_snake_rune_pools, layout_layer_cave, nicolae_snake_shapes,
          minmay_shop_grove
Orc:1:    emtedronai_trogs_sanctum, layout_diamond_mine, bloody_makhleb
Orc:2:    kennysheep_orc_mage_school, layout_caves,
          portal_ice_cave_entry_pillars_1
Vaults:1: ontoclasm_vaults_claustrophobia, nicolae_vaults_shelves_hall,
          nicolae_vaults_shrinking_rooms_1, nicolae_vaults_storage_closets_1,
          nicolae_vaults_diamond_1, v_misc_31, hangedman_vaults_pinch,
          dpeg_vaults_monster_row, vaults_dpeg_spiral,
          ontoclasm_vaults_ring_small, vaults_room_corners,
          nicolae_vaults_two_Ls, nicolae_vaults_apartment_1, vaults_room_pool,
          layout_vaults_omnicross, serial_shops, nicolae_shop_hallway_plus
Vaults:2: nicolae_vaults_asterisk, nicolae_vaults_network_square,
          nicolae_vaults_shelves_hall, grunt_tower_of_power,
          minmay_crypt_entry_simple_walls, nicolae_vaults_stepped_doors,
          ontoclasm_vaults_ring_square, nicolae_vaults_bisected_slash,
          layout_vaults_big_room
Vaults:3: gammafunk_ghost_fury_of_okawaru, hangedman_vaults_variations,
          vaults_mumra_hex, grunt_vaults_hallway_short,
          nicolae_vaults_double_plus_2, nicolae_vaults_closet_pinwheel_5,
          nicolae_vaults_asterisk, nicolae_vaults_tetromino_L_1,
          vaults_room_hallway, layout_vaults_omnigrid
Vaults:4: mu_enter_wizlab_4, nicolae_vaults_spaceships,
          ontoclasm_vaults_ligature, nicolae_vaults_trapezoid_lopsided_4,
          nicolae_vaults_little_squares_6, nicolae_vaults_shipping_containers_6,
          vaults_mumra_minichess, nicolae_vaults_network_s,
          ontoclasm_vaults_hangar, nicolae_vaults_prndl, v_misc_14, v_misc_30,
          nicolae_vaults_six-pack, layout_vaults_omnibox, uniq_bai_suzhen

Skill      XL: |  1  2  3  4  5  6  7  8  9 10 11 12 13 14 15 16 17 18 19 20 |
---------------+-------------------------------------------------------------+-----
Fighting       | 4 5 8 10 17 20 | 20.0
Long Blades    | 4 |  4.7
Axes           | 3 5 7 10 12 14 16 19 22 | 22.6
Shields        | 5 9 16 20 | 20.0
Dodging        | 8 10 12 14 | 14.2
Evocations     | 8 10 | 10.0
Spellcasting   | |  1.0
Fire Magic     | |  3.0

Action                     |  1- 3 |  4- 6 |  7- 9 | 10-12 | 13-15 | 16-18 | 19-21 || total
---------------------------+-------+-------+-------+-------+-------+-------+-------++-------
  Melee: Falchion          |   119 |    30 |       |       |       |       |       ||   149
         Tailslap          |    13 |    18 |    42 |   134 |   179 |   223 |   200 ||   809
         Long sword        |       |    31 |       |       |       |       |       ||    31
         Hand axe          |       |   163 |   288 |   707 |   314 |       |       ||  1472
         Executioner's axe |       |       |       |       |   721 |   397 |       ||  1118
         Broad axe         |       |       |       |       |       |  1026 |   902 ||  1928
  Throw: Dart              |       |       |     2 |     7 |       |       |       ||     9
 Invoke: Foxfire Swarm     |       |     1 |       |       |       |       |       ||     1
Ability: Breathe Lightning |       |       |       |     1 |       |     1 |     1 ||     3
  Evoke: Wand              |       |       |     7 |     4 |     1 |     1 |       ||    13
         Condenser vane    |       |       |       |       |       |     1 |       ||     1
         Lightning rod     |       |       |       |       |       |       |     4 ||     4
    Use: Scroll            |       |     7 |       |    18 |    11 |    11 |     9 ||    56
         Potion            |       |     2 |       |     1 |     4 |     9 |     2 ||    18
   Stab: Sleeping          |       |       |       |     2 |       |       |       ||     2
         Paralysed         |       |       |       |     2 |       |       |       ||     2
         Distracted        |       |       |       |       |       |       |     1 ||     1
 Armour: Skin              |    67 |   126 |    96 |   155 |   264 |   281 |   155 ||  1144
  Dodge: Dodged            |    92 |   131 |   129 |   296 |   723 |   759 |   279 ||  2409
  Block: Buckler           |    19 |    30 |    36 |   111 |    44 |       |       ||   240
         Other             |       |       |       |       |   102 |    85 |       ||   187
         Reflection        |       |       |       |       |     5 |    51 |       ||    56
         Tower shield      |       |       |       |       |       |   977 |   577 ||  1554
